Map: König-Sejong-Station LE

Players

Jesús

  • Race: Protoss Protoss
  • League: Bronze

PRØToss - Winner!

  • Race: Terran Terran

VOD

Have the link to the VOD?

Description

Time

  • Played on: Aug. 27, 2016, 11:55 a.m.
  • Length: 5:24
Show
View Real Time Build Order
Export as new Build Order

Jesús Protoss 

Build Orders: Cannon Rush 

Get SALT Encoding   

  12  0:03  Probe (Chrono Boost)  
  13  0:13  Probe (Chrono Boost)  
  14  0:21  Pylon  
  14  0:41  Gateway  
  14  0:47  Forge  
  14  1:00  Pylon  
  14  1:06  Pylon  
  14  1:26  Photon Cannon  
  14  1:31  Photon Cannon  
  14  1:43  Photon Cannon  
  14  1:55  Photon Cannon  
  14  2:06  Pylon  
  14  2:10  Probe (Chrono Boost)  
  15  2:21  Probe (Chrono Boost)  
  16  2:30  Assimilator  
  16  2:31  Probe (Chrono Boost)  
  17  2:38  Assimilator  
  17  2:42  Probe (Chrono Boost)  
  18  2:53  Probe (Chrono Boost)  
  19  3:04  Probe (Chrono Boost)  
  20  3:06  Cybernetics Core  
  20  3:12  Gateway  
  20  3:14  Probe (Chrono Boost)  
  20  3:19  Gateway  
  21  3:25  Pylon  
  21  3:28  Probe (Chrono Boost)  
  22  3:39  Probe (Chrono Boost)  
  23  3:47  Pylon  
  23  3:49  Probe (Chrono Boost)  
  24  3:55  Stalker  
  26  4:03  Zealot  
  26  4:08  Zealot  
  29  4:25  Stalker  
  25  4:54  Zealot  
  25  4:57  Zealot  
Show
View Real Time Build Order
Export as new Build Order

PRØToss Terran - Winner!

Build Orders: Liberator Opening 

Get SALT Encoding   

  12  0:01  SCV  
  13  0:13  SCV  
  14  0:17  Supply Depot  
  14  0:25  SCV  
  15  0:38  SCV  
  15  0:40  Barracks  
  16  0:45  Refinery  
  16  0:50  SCV  
  17  1:03  SCV  
  18  1:15  SCV  
  19  1:28  Refinery  
  19  1:29  Orbital Command  
  19  1:31  Marine, Supply Depot  
  20  1:41  Barracks  
  20  1:47  Factory  
  20  1:52  Marine  
  21  1:57  SCV  
  22  2:09  SCV  
  22  2:11  Barracks Reactor  
  23  2:21  SCV  
  24  2:30  Marine  
  24  2:31  Starport  
  24  2:33  SCV  
  26  2:39  Supply Depot  
  26  2:41  Widow Mine  
  28  2:46  SCV  
  28  2:49  Marine x2  
  31  3:00  Marine  
  31  3:04  Supply Depot  
  32  3:07  Marine x2  
  32  3:09  Medivac  
  32  3:10  Factory Tech Lab  
  36  3:18  Marine  
  37  3:24  Marine  
  37  3:25  Marine  
  37  3:26  Supply Depot  
  39  3:29  Liberator  
  39  3:34  Siege Tank  
  42  3:37  Marine  
  43  3:42  Marine  
  43  3:48  Marine  
  48  3:50  Supply Depot  
  48  3:59  Marine  
  48  4:00  Marine  
  50  4:06  Marine  
  54  4:10  Siege Tank  
  54  4:19  Marine x2  
  54  4:23  Marine  
  57  4:29  Medivac  
  59  4:43  Marine x2  
  59  4:44  Marine  
  62  5:01  Marine  
  62  5:06  Barracks Tech Lab  
  63  5:09  Supply Depot  
  63  5:12  Command Center  
Tags
 
Add a new tag
Caveats
  • Supply blocks, unpowered buildings, or Contaminate may cause inaccurate times.
  • Supply counts are checked every 10 seconds.